[Event "Team 45 45 League T70"]
[Site "Internet Chess Club"]
[Date "2016.09.11"]
[Round "1"]
[White "liujf"]
[Black "kingsrook"]
[Result "1-0"]
[WhiteElo "1271"]
[BlackElo "1319"]
[Opening "Sicilian: Anderssen variation"]
[ECO "B41"]
[Time "19:00:46"]
[TimeControl "2700+45"]

1. e4 c5 2. Nf3 e6 3. d4 cxd4 4. Nxd4 Nf6 5. Nc3 Nc6 6. Bf4 Bb4 7. Nb5 Bxc3+ 8.
Nxc3 O-O 9. Bd6 Re8 10. Bd3 Qb6 11. Nb5 Nxe4 12. O-O Nxd6 13. Nxd6 Rf8 14. Qh5
h6 15. Rab1 Nb4 16. Nc4 Qc7 17. a3 Nxd3 18. cxd3 d5 19. Nd2 Qc2 20. Qe2 Bd7 21.
Rfc1 Qa4 22. Nf3 Qa6 23. Ne5 Bb5 24. Rd1 Rac8 25. Qd2 f6 26. Nf3 Rc6 27. Nd4 Rb6
28. Nb3 Rc6 29. Rbc1 Rfc8 30. h3 Ba4 31. Qb4 Bxb3 32. Rxc6 Rxc6 33. Qxb3 Qb6 34.
Qa2 Qb5 35. a4 Ra6 36. b3 Qb4 37. Rc1 Rc6 38. Rd1 Rc3 39. Qe2 e5 40. Qf3 Qxb3
41. Qe2 d4 42. Qf3 a6 43. h4 e4 44. Qh5 Rxd3 45. Qe8+ Kh7 46. Qxe4+ g6 47. Rxd3
Qb1+ 48. Kh2 Qb6 49. Rxd4 Qc7+ 50. g3 f5 51. Qe6 f4 52. Rd7+ {Black resigns} 1-0

[Event "Team 45 45 League T70"]
[Site "Internet Chess Club"]
[Date "2016.09.11"]
[Round "1"]
[White "chuckh2"]
[Black "mattwang"]
[Result "1-0"]
[WhiteElo "1426"]
[BlackElo "1324"]
[Opening "Queen's pawn, Mason variation"]
[ECO "D00"]
[Time "16:02:44"]
[TimeControl "2700+45"]

1. d4 d5 2. Bf4 Nc6 3. e3 Nf6 4. c4 Bg4 5. Qb3 Qd7 6. f3 Bf5 7. Nc3 e6 8. c5 b6
9. cxb6 axb6 10. a3 Be7 11. Bb5 O-O 12. h3 Na5 13. Qd1 Qd8 14. b4 Nc4 15. Bxc4
dxc4 16. e4 Bg6 17. Qe2 Qxd4 18. Qe3 e5 19. Qxd4 exd4 20. Nb5 c5 21. bxc5 Bxc5
22. a4 Bb4+ 23. Kd1 Bc3 24. Nxc3 dxc3 25. Kc2 b5 26. Kxc3 Nh5 27. Ne2 Nxf4 28.
Nxf4 Rfd8 29. a5 Ra6 30. Nd5 Rb8 31. Nb4 Ra7 32. Rhd1 Raa8 33. Rd7 f6 34. a6 Be8
35. Rc7 Rc8 36. Nd5 Rd8 37. Nb6 Rd3+ 38. Kc2 Rdd8 39. Nxa8 Rxa8 40. a7 h6 41.
Rb7 Bc6 42. Rb8+ Kh7 43. Ra6 {Black resigns} 1-0

[Event "Team 45 45 League T70"]
[Site "Internet Chess Club"]
[Date "2016.09.10"]
[Round "1"]
[White "KnightmanAJ"]
[Black "artspir"]
[Result "0-1"]
[WhiteElo "1223"]
[BlackElo "1154"]
[Opening "Caro-Kann: classical variation"]
[ECO "B18"]
[Time "12:00:49"]
[TimeControl "2700+45"]

1. e4 c6 2. d4 d5 3. Nc3 dxe4 4. Nxe4 Bf5 5. Ng3 Bg6 6. Bc4 e6 7. N1e2 Nf6 8.
Nf4 Nd5 9. Nxg6 hxg6 10. Qf3 Nd7 11. O-O N7f6 12. Bg5 Be7 13. a3 b5 14. Ba2 Qc7
15. Rac1 Nh5 16. Ne4 Nhf6 17. c4 Qxh2# {White checkmated} 0-1

[Event "Team 45 45 League T70"]
[Site "Internet Chess Club"]
[Date "2016.09.08"]
[Round "1"]
[White "Hal2001"]
[Black "ascoli"]
[Result "0-1"]
[WhiteElo "1590"]
[BlackElo "1530"]
[Opening "Sicilian: closed"]
[ECO "B23"]
[Time "13:13:42"]
[TimeControl "2700+45"]

1. e4 c5 2. Nc3 d6 3. f4 Nc6 4. Bc4 g6 5. Nf3 Bg7 6. O-O Nf6 7. d3 O-O 8. Qe1 a6
9. a3 Bd7 10. Qh4 Rc8 11. f5 b5 12. Ba2 e6 13. fxg6 fxg6 14. Bh6 Nh5 15. Qxd8
Rcxd8 16. Bxg7 Kxg7 17. Ng5 Nd4 18. Rxf8 Rxf8 19. g3 h6 20. Nh3 Nxc2 21. Rc1 Nd4
22. Rf1 Rxf1+ 23. Kxf1 Kf6 24. g4 Ng7 25. Nf2 h5 26. h3 Kg5 27. e5 d5 28. Ne2
Nxe2 29. Kxe2 Kf4 30. d4 cxd4 31. Nd3+ Kg3 32. Nf2 hxg4 33. hxg4 Kf4 34. Nd3+
Kxg4 35. Nc5 Bc8 36. Bb1 g5 37. Bg6 Kg3 38. Nd3 g4 39. b4 Kh4 40. Kf2 Kg5 41.
Bf7 Nh5 42. Bxh5 Kxh5 43. Kg3 Kg5 44. Nf2 Kf5 45. Nxg4 Ke4 46. Kf2 d3 47. Ke1
Kf4 48. Nf2 Kxe5 49. Nxd3+ Kd4 50. Nc5 e5 51. Kd2 e4 52. Nb3+ Ke5 53. Ke3 Bd7
54. Nd4 Bg4 55. Nc6+ Kd6 56. Nb8 Bc8 57. Kd4 Kc7 58. Kxd5 Bb7+ 59. Kd4 {White
resigns} 0-1

[Event "Team 45 45 League T70"]
[Site "Internet Chess Club"]
[Date "2016.09.17"]
[Round "1"]
[White "herrahuu"]
[Black "mongmong"]
[Result "0-1"]
[WhiteElo "1424"]
[BlackElo "1494"]
[Opening "Nimzo-Indian: Reshevsky variation"]
[ECO "E46"]
[Time "12:04:32"]
[TimeControl "2700+45"]

1. d4 e6 2. c4 Nf6 3. Nc3 Bb4 4. e3 O-O 5. Ne2 c6 6. a3 Ba5 7. b4 Bc7 8. Ng3 d5
9. Be2 Re8 10. O-O e5 11. cxd5 Nxd5 12. Bb2 exd4 13. Nxd5 Qxd5 14. Bxd4 Be5 15.
Bf3 Qd6 16. Bxe5 Qxe5 17. Rc1 Be6 18. Ne4 Nd7 19. Nc5 Nxc5 20. Rxc5 Qb2 21. Qd3
Red8 22. Qc3 Qxc3 23. Rxc3 Rd6 24. h3 Rad8 25. Rfc1 Bd5 26. Bxd5 Rxd5 27. Kh2
Kf8 28. e4 Rd2 29. f3 Ra2 30. Kg3 Rdd2 31. Kf4 Rxg2 32. Rd3 g6 33. Ke5 Rgd2 34.
Rd1 Rxd1 35. Rxd1 Ke7 36. Rd3 Rh2 37. f4 Rf2 38. f5 f6+ 39. Kd4 gxf5 40. exf5
Rxf5 41. Re3+ Kd7 42. Rg3 Rg5 43. Rxg5 fxg5 44. Ke4 Ke6 45. Kf3 Kf5 46. Kg3 h5
47. Kf3 g4+ {White resigns} 0-1

[Event "Team 45 45 League T70"]
[Site "Internet Chess Club"]
[Date "2016.09.08"]
[Round "1"]
[White "smsxman"]
[Black "JRussell2"]
[Result "0-1"]
[WhiteElo "1368"]
[BlackElo "1380"]
[Opening "Four knights: Italian variation"]
[ECO "C47"]
[Time "11:59:52"]
[TimeControl "2700+45"]

1. e4 e5 2. Nf3 Nc6 3. Nc3 Nf6 4. Bc4 Bb4 5. d3 d6 6. O-O Bg4 7. Nd5 Nd4 8. Bg5
Nxf3+ 9. gxf3 Bh3 10. Nxb4 Bxf1 11. Qxf1 h6 12. Bxf6 Qxf6 13. Qg2 O-O-O 14. Nd5
Qh4 15. Kh1 c6 16. Ne3 Rdf8 17. Qg4+ Qxg4 18. fxg4 h5 19. f3 h4 20. h3 g6 21.
Rf1 f5 22. exf5 gxf5 23. Nxf5 d5 24. Bb3 Kd8 25. Re1 Re8 26. Nd6 Re7 27. c3 Rf8
28. Bd1 Kc7 29. Nf5 Ree8 30. Kh2 Rh8 31. Ng7 Re7 32. Nf5 Ree8 33. b3 c5 34. Ne3
d4 35. Nd5+ Kc6 36. c4 a6 37. b4 b5 38. Nf6 Re6 39. cxb5+ axb5 40. Ne4 cxb4 41.
Bb3 Ree8 42. Nf6 Ref8 43. g5 Kd6 44. Ne4+ Kc7 45. Rf1 Rf4 46. Nc5 Rf5 47. Ne4
Rhf8 48. Kg2 Rf4 49. Nf6 Rf5 50. Be6 Rxg5+ 51. Kh2 Rxf6 52. Rc1+ Kd6 53. Bg4 Rg7
54. Rc8 Ke7 55. Rc7+ Kf8 56. Rc8+ Kf7 57. Bh5+ Ke7 58. Bg4 Rh6 59. Rc5 Kf6 60.
Rxb5 Ra7 61. Rb6+ Kg5 62. Rxb4 Rxa2+ 63. Kh1 Rd2 64. Rb5 Kf4 65. Rb3 Ra6 66. Rb1
Rxd3 67. Rf1 Ra2 68. Bh5 Rdd2 69. Re1 Rh2+ 70. Kg1 Rxh3 71. Re4+ Kf5 72. Bg4+
Kf6 73. Bxh3 d3 74. Re1 d2 75. Rd1 Rc2 76. Kf2 Kg5 77. Bd7 Kf4 78. Ke2 Kg3 79.
Bg4 h3 80. Rg1+ Kh2 81. Rd1 Kg2 82. Bxh3+ Kxh3 83. Ke3 Kg3 84. Ke4 Kf2 85. Kd3
Ra2 86. f4 exf4 87. Rxd2+ Rxd2+ 88. Kxd2 Kg2 {White resigns} 0-1

[Event "Team 45 45 League T70"]
[Site "Internet Chess Club"]
[Date "2016.09.12"]
[Round "1"]
[White "PsyMar"]
[Black "dabodhi"]
[Result "0-1"]
[WhiteElo "1367"]
[BlackElo "1367"]
[Opening "French: Burn variation"]
[ECO "C11"]
[Time "21:00:22"]
[TimeControl "2700+45"]

1. e4 e6 2. d4 d5 3. Nc3 Nf6 4. Bg5 dxe4 5. f3 exf3 6. Nxf3 Be7 7. Be2 b6 8. O-O
Bb7 9. a4 a5 10. Rb1 O-O 11. Ne5 Nc6 12. Nxc6 Bxc6 13. Bf3 Nd5 14. Nxd5 Bxd5 15.
Bxe7 Qxe7 16. Bxd5 exd5 17. Re1 Qd7 18. c3 Rfe8 19. b3 g6 {White resigns} 0-1

[Event "Team 45 45 League T70"]
[Site "Internet Chess Club"]
[Date "2016.09.11"]
[Round "1"]
[White "parrot9"]
[Black "elessar"]
[Result "1-0"]
[WhiteElo "1717"]
[BlackElo "1692"]
[Opening "Sicilian: Kan, 5.Bd3"]
[ECO "B42"]
[Time "14:01:27"]
[TimeControl "2700+45"]

1. e4 c5 2. Nf3 e6 3. d4 cxd4 4. Nxd4 a6 5. Bd3 Nf6 6. O-O Qc7 7. Qe2 d6 8. f4
g6 9. Be3 Bg7 10. f5 e5 11. fxg6 exd4 12. gxf7+ Kf8 13. Bxd4 Nbd7 14. Nd2 Ne5
15. Nf3 Be6 16. Ng5 Qe7 17. h3 Rc8 18. b3 h6 19. Nf3 Bxf7 20. Nh4 Kg8 21. Nf5
Qf8 22. Qf2 Ned7 23. Nxg7 Qxg7 24. Bxf6 Nxf6 25. Qxf6 Re8 26. Qxd6 Re6 27. Qb8+
Re8 28. Qxb7 Qd4+ 29. Kh1 Rh7 30. Rad1 Bh5 31. Qd5+ Qxd5 32. exd5 Bxd1 33. Bxh7+
Kxh7 34. Rxd1 Rd8 35. c4 {Black resigns} 1-0

[Event "Team 45 45 League T70"]
[Site "Internet Chess Club"]
[Date "2016.09.10"]
[Round "1"]
[White "Hal2001"]
[Black "az2112"]
[Result "1/2-1/2"]
[WhiteElo "1593"]
[BlackElo "1647"]
[Opening "Sicilian: closed"]
[ECO "B23"]
[Time "21:01:12"]
[TimeControl "2700+45"]

1. e4 c5 2. Nc3 d6 3. f4 Nc6 4. Nf3 e6 5. Bb5 Bd7 6. O-O a6 7. Bxc6 Bxc6 8. d3
Nf6 9. e5 dxe5 10. fxe5 Nd5 11. Ng5 Nxc3 12. bxc3 Be7 13. Nxf7 Qd5 14. Qe2 O-O
15. c4 Qxg2+ 16. Qxg2 Bxg2 17. Kxg2 Rxf7 18. Rxf7 Kxf7 19. Be3 b6 20. a4 Rb8 21.
Rb1 Kg6 22. c3 Kf5 23. Rf1+ Kg6 24. Rb1 {Game drawn by mutual agreement} 1/2-1/2

[Event "Team 45 45 League T70"]
[Site "Internet Chess Club"]
[Date "2016.09.11"]
[Round "1"]
[White "crazyhorses"]
[Black "Constrictor"]
[Result "1-0"]
[WhiteElo "1372"]
[BlackElo "1544"]
[Opening "Ruy Lopez: Cozio defense"]
[ECO "C60"]
[Time "09:37:59"]
[TimeControl "2700+45"]

1. e4 e5 2. Nf3 Nc6 3. Bb5 Nge7 4. c3 a6 5. Ba4 d6 6. O-O g6 7. d3 Bg7 8. Nbd2
O-O 9. Re1 Bd7 10. Nf1 Bg4 11. Ng3 h6 12. h3 Be6 13. d4 d5 14. exd5 Qxd5 15. Bb3
Qd6 16. Ne4 Bxb3 17. Qxb3 Qd5 18. dxe5 Qxb3 19. axb3 Nxe5 20. Nxe5 Bxe5 21. Bxh6
Rfe8 22. f4 Nf5 23. fxe5 Nxh6 24. Nf6+ Kf8 25. Nxe8 Rxe8 26. g4 {Black resigns}
1-0

[Event "Team 45 45 League T70"]
[Site "Internet Chess Club"]
[Date "2016.09.11"]
[Round "1"]
[White "Capt-Morgan"]
[Black "calsal"]
[Result "0-1"]
[WhiteElo "1896"]
[BlackElo "1813"]
[Opening "King's Indian: Petrosian system, Stein variation"]
[ECO "E92"]
[Time "10:00:35"]
[TimeControl "2700+45"]

1. d4 Nf6 2. c4 g6 3. Nc3 Bg7 4. e4 d6 5. Nf3 O-O 6. Be2 e5 7. d5 a5 8. Qc2 Na6
9. O-O Nh5 10. Bg5 f6 11. Be3 f5 12. Bg5 Nf6 13. exf5 gxf5 14. a3 Qe8 15. Nh4 h6
16. Bd2 Nh7 17. Nb5 Qd8 18. g3 c6 19. Nc3 Ng5 20. Rad1 f4 21. Ne4 Nc5 22. Nxc5
dxc5 23. dxc6 Qf6 24. Qg6 bxc6 25. Qxf6 Bxf6 26. Ng6 f3 27. Bd3 Nh3+ 28. Kh1 Rd8
29. Be4 Bg5 30. Be3 Rxd1 31. Rxd1 Bxe3 32. Rd8+ Kg7 33. fxe3 Nf2+ 34. Kg1 Nxe4
35. Ne7 f2+ {White resigns} 0-1

[Event "Team 45 45 League T70"]
[Site "Internet Chess Club"]
[Date "2016.09.12"]
[Round "1"]
[White "Yedixon"]
[Black "RD1974"]
[Result "1/2-1/2"]
[WhiteElo "1754"]
[BlackElo "1736"]
[Opening "Scandinavian (center counter) defense"]
[ECO "B01"]
[Time "18:20:08"]
[TimeControl "2700+45"]

1. e4 d5 2. f3 dxe4 3. fxe4 e5 4. Nf3 Bg4 5. Be2 Nc6 6. O-O Bc5+ 7. Kh1 Nf6 8.
d3 Qd6 9. Nbd2 O-O-O 10. Nc4 Qe7 11. Bg5 h6 12. Bxf6 gxf6 13. Nfxe5 Bxe2 14.
Nxc6 Qxe4 15. dxe4 Rxd1 16. Nxa7+ Bxa7 17. Raxd1 Bxd1 18. Rxd1 Re8 19. Re1 f5
20. e5 b5 21. Nd2 Bd4 22. c3 Rxe5 23. Rxe5 Bxe5 24. Nf3 Bf6 25. Kg1 Kd7 26. Kf1
Kd6 27. Ke2 Kd5 28. Kd3 c5 29. h3 c4+ 30. Ke2 Kc5 31. Ne1 Kd5 32. Nc2 Ke4 33.
Na3 b4 34. cxb4 Bxb2 35. Nxc4 Bg7 36. Nd6+ Kf4 37. b5 h5 38. a4 Be5 39. Nxf7 Bc7
40. Nh6 Kg5 41. Nxf5 Kxf5 42. g4+ hxg4 43. hxg4+ Kxg4 44. Kd3 Kf5 45. Kc4 Ke6
46. Kc5 Kd7 47. b6 Bb8 48. a5 Bd6+ 49. Kb5 Kc8 50. a6 Kb8 51. a7+ Kb7 52. Ka5
Bf4 53. Kb5 Bh2 {Game drawn by mutual agreement} 1/2-1/2

[Event "Team 45 45 League T70"]
[Site "Internet Chess Club"]
[Date "2016.09.08"]
[Round "1"]
[White "KidRattler"]
[Black "BrerRabbit"]
[Result "1-0"]
[WhiteElo "1596"]
[BlackElo "1408"]
[Opening "Old Indian: Tartakower (Wade) variation"]
[ECO "A41"]
[Time "19:00:50"]
[TimeControl "2700+45"]

1. d4 d6 2. Nf3 Bg4 3. Bf4 Bxf3 4. gxf3 Nd7 5. Bh3 e6 6. Bg3 Ngf6 7. Nd2 Nh5 8.
c3 Nxg3 9. hxg3 c6 10. Qb3 Qc7 11. Ne4 O-O-O 12. Ng5 Nb6 13. Nxf7 Re8 14. Bxe6+
Rxe6 15. Qxe6+ {Black resigns} 1-0

[Event "Team 45 45 League T70"]
[Site "Internet Chess Club"]
[Date "2016.09.12"]
[Round "1"]
[White "stantheman59"]
[Black "OGO"]
[Result "1-0"]
[WhiteElo "1209"]
[BlackElo "1485"]
[Opening "Mieses opening"]
[ECO "A00"]
[Time "21:04:25"]
[TimeControl "2700+45"]

1. d3 e5 2. g3 d5 3. Bg2 Nf6 4. Bg5 Be7 5. Bxf6 Bxf6 6. c3 Nc6 7. e4 Be6 8. a3
a5 9. Ne2 O-O 10. O-O b5 11. Nd2 d4 12. c4 bxc4 13. dxc4 Be7 14. Nc1 d3 15. Ndb3
Bxc4 16. Nd2 Bb5 17. a4 Ba6 18. Ncb3 Bb4 19. Rc1 Qd7 20. Bf3 Nd4 21. Nc5 Bxc5
22. Rxc5 Nxf3+ 23. Qxf3 Qxa4 24. Rxe5 Qd4 25. Rxa5 Qxb2 26. Qf4 c6 27. Rfa1 Bb7
28. Rb1 Qc3 29. Rxa8 Bxa8 30. Rb8 Qa1+ 31. Kg2 Qa7 32. Rxf8+ Kxf8 33. Qd6+ Ke8
34. Qxd3 c5 35. f3 Bc6 36. Nc4 Qb8 37. Qd6 Qxd6 38. Nxd6+ Kd7 39. Nxf7 Ke6 40.
Nd8+ Kd6 41. Nxc6 Kxc6 42. Kf2 Kd6 43. Ke3 h6 44. f4 g6 45. Kd3 g5 46. Kc4
{Black resigns} 1-0

[Event "Team 45 45 League T70"]
[Site "Internet Chess Club"]
[Date "2016.09.07"]
[Round "1"]
[White "FrankNautilus"]
[Black "VictorRed"]
[Result "1/2-1/2"]
[WhiteElo "1622"]
[BlackElo "1724"]
[Opening "Philidor: exchange variation"]
[ECO "C41"]
[Time "20:01:18"]
[TimeControl "2700+45"]

1. e4 e5 2. Nf3 d6 3. d4 exd4 4. Nxd4 Nf6 5. Nc3 Be7 6. Be2 Bd7 7. O-O Nc6 8. f4
Nxd4 9. Qxd4 c5 10. Qd1 Bc6 11. Bf3 Qc7 12. Re1 O-O-O 13. Be3 h5 14. Nd5 Nxd5
15. exd5 Bd7 16. b4 h4 17. bxc5 dxc5 18. Rb1 Bd6 19. c4 Rde8 20. Qb3 Re7 21. Re2
Rhe8 22. Rbe1 g5 23. h3 gxf4 24. Bf2 Rxe2 25. Rxe2 Rxe2 26. Bxe2 Qd8 27. Qb2 Qg8
28. Qa3 Kb8 29. Bxc5 Bxc5+ 30. Qxc5 Bxh3 31. Bf3 Bxg2 32. Bxg2 f3 33. Qf2 Qxg2+
34. Qxg2 fxg2 35. Kxg2 b6 36. Kh3 Kc7 37. Kxh4 Kd6 38. Kg4 b5 39. cxb5 Kxd5 40.
Kf5 Kc5 41. Kf6 Kxb5 42. Kxf7 a5 43. Ke6 Kc4 44. a4 Kc5 45. Ke5 Kc4 46. Ke4 Kb3
47. Kd3 Kb4 48. Kd4 Kxa4 49. Kc3 {Game drawn by mutual agreement} 1/2-1/2

[Event "Team 45 45 League T70"]
[Site "Internet Chess Club"]
[Date "2016.09.11"]
[Round "1"]
[White "kabindra"]
[Black "andrew37"]
[Result "0-1"]
[WhiteElo "1684"]
[BlackElo "1722"]
[Opening "Sicilian: Hungarian variation"]
[ECO "B27"]
[Time "17:00:35"]
[TimeControl "2700+45"]

1. e4 c5 2. Nf3 g6 3. d4 cxd4 4. c3 dxc3 5. Nxc3 Bg7 6. e5 Nc6 7. Bf4 e6 8. Nb5
Bf8 9. Bg5 f6 10. exf6 Kf7 11. Nd6+ Bxd6 12. Qxd6 Nxf6 13. Ne5+ Nxe5 14. Qxe5 h6
15. Bh4 Rf8 16. O-O-O g5 17. Bg3 d5 18. f4 Bd7 19. fxg5 Rc8+ 20. Kb1 hxg5 21.
Qxg5 Rg8 22. Qh4 Rg4 23. Qh6 Ba4 24. Re1 Bc2+ 25. Ka1 Ra4 26. Bb5 Rxa2+ {White
resigns} 0-1

[Event "Team 45 45 League T70"]
[Site "Internet Chess Club"]
[Date "2016.09.09"]
[Round "1"]
[White "QuieroAprender"]
[Black "Heian"]
[Result "0-1"]
[WhiteElo "1670"]
[BlackElo "1650"]
[Opening "QGD: 3.Nc3"]
[ECO "D31"]
[Time "19:02:09"]
[TimeControl "2700+45"]

1. d4 d5 2. c4 e6 3. Nc3 f5 4. Nf3 Nf6 5. Bg5 c6 6. c5 Be7 7. Bxf6 Bxf6 8. e3
O-O 9. Bd3 Nd7 10. Qc2 g6 11. b4 e5 12. Be2 e4 13. Nd2 f4 14. a4 fxe3 15. fxe3
Bg5 16. Qb3 Kh8 17. Nf1 Nf6 18. h3 Qc7 19. h4 Bh6 20. Qb2 Bg4 21. b5 Bxe2 22.
Qxe2 Nh5 23. b6 axb6 24. cxb6 Qxb6 25. g4 Rxf1+ 26. Rxf1 Ng3 27. Qd2 Nxf1 28.
Kxf1 Rf8+ 29. Kg1 Qc7 30. Ne2 Qd7 {White resigns} 0-1

[Event "Team 45 45 League T70"]
[Site "Internet Chess Club"]
[Date "2016.09.13"]
[Round "1"]
[White "Andaluz"]
[Black "Innes"]
[Result "0-1"]
[WhiteElo "1368"]
[BlackElo "1589"]
[Opening "Ruy Lopez: Cozio defense"]
[ECO "C60"]
[Time "15:00:21"]
[TimeControl "2700+45"]

1. e4 e5 2. Nf3 Nc6 3. Bb5 Nge7 4. d4 exd4 5. Nxd4 a6 6. Ba4 d6 7. Bg5 Bd7 8.
Nc3 h6 9. Nxc6 bxc6 10. Bh4 g5 11. Bg3 Bg7 12. O-O O-O 13. Rb1 Ng6 14. Qd2 Be5
15. Ne2 Bxg3 16. Nxg3 Nf4 17. Ne2 Qf6 18. Nxf4 gxf4 19. f3 Kh7 20. c3 Rg8 21.
Rf2 Rg5 22. Bc2 Qe5 23. Qd4 f6 24. Qxe5 fxe5 25. Bb3 Rf8 26. Rd1 Rf6 27. Ba4
Rfg6 28. Rdd2 Rg7 29. b4 Kg6 30. Bb3 Kf6 31. Bc4 Bc8 32. Bb3 h5 33. Kh1 h4 34.
c4 h3 35. a4 Be6 36. Ba2 Rg8 37. c5 Bxa2 38. Rxa2 Rb8 39. Rab2 a5 {White
forfeits on time} 0-1

[Event "Team 45 45 League T70"]
[Site "Internet Chess Club"]
[Date "2016.09.11"]
[Round "1"]
[White "Zugzwanged"]
[Black "Littlemon"]
[Result "1-0"]
[WhiteElo "1686"]
[BlackElo "1604"]
[Opening "Scotch: Potter variation"]
[ECO "C45"]
[Time "10:00:39"]
[TimeControl "2700+45"]

1. e4 e5 2. Nf3 Nc6 3. d4 exd4 4. Nxd4 Bc5 5. Nb3 Bb6 6. Nc3 d6 7. Qe2 Nf6 8.
Be3 O-O 9. O-O-O Re8 10. f3 h6 11. Kb1 Qe7 12. g4 d5 13. Nxd5 Nxd5 14. Rxd5 Be6
15. Rd1 Bxe3 16. Qxe3 a5 17. h4 Reb8 18. Qc5 Bxb3 19. Qxe7 Bxa2+ 20. Kxa2 Nxe7
21. Rd7 Nc6 22. Rxc7 Ne5 23. Be2 b5 24. Rd1 b4 25. h5 Rc8 26. Rxc8+ Rxc8 27. Rd2
f6 28. Kb3 Kf7 29. f4 Nc6 30. Ka4 Ra8 31. Rd7+ Ne7 32. Bc4+ Kf8 33. e5 fxe5 34.
fxe5 Ke8 35. Bb5 Kf7 36. Bc4+ Ke8 37. Rc7 g6 38. Rc5 gxh5 39. gxh5 Nf5 40. Rxa5
Rxa5+ 41. Kxa5 Ng3 42. Kxb4 Nxh5 43. Kc5 Ke7 44. b4 Nf4 45. Kd4 h5 46. Ke4 Ng2
47. Bf1 Ne1 48. c4 h4 49. b5 Nc2 50. Bh3 Na3 51. Kd5 Kd8 52. b6 Nc2 53. Kd6 Ne3
54. c5 Nc4+ 55. Ke6 Na5 56. Kd6 Nc4+ 57. Kd5 {Black resigns} 1-0

[Event "Team 45 45 League T70"]
[Site "Internet Chess Club"]
[Date "2016.09.08"]
[Round "1"]
[White "Bizzy-Ketty"]
[Black "bayoumicardio10"]
[Result "1-0"]
[WhiteElo "1589"]
[BlackElo "1625"]
[Opening "Pirc defense"]
[ECO "B07"]
[Time "18:30:09"]
[TimeControl "2700+45"]

1. e4 d6 2. d4 Nf6 3. Bd3 e5 4. c3 Nc6 5. Nf3 Bg4 6. d5 Ne7 7. O-O g6 8. h3 Bd7
9. Be3 Bg7 10. Nbd2 O-O 11. Nc4 Ne8 12. Qd2 f5 13. Bg5 f4 14. Kh2 h6 15. Bxe7
Qxe7 16. Rg1 g5 17. g4 fxg3+ 18. Rxg3 Nf6 19. Ne1 Nh5 20. Rg1 Rf7 21. Ng2 Rf3
22. Rh1 Nf4 23. Nxf4 gxf4 24. Kg2 Qg5+ 25. Kxf3 Qh5+ 26. Kg2 f3+ 27. Kf1 Bxh3+
28. Ke1 Qg4 29. Bf1 Qxe4+ 30. Ne3 Bg2 31. Rg1 Bf6 32. Bxg2 fxg2 33. Rxg2+ Bg5
34. Rg1 Kh7 35. Qc2 {Black resigns} 1-0

[Event "Team 45 45 League T70"]
[Site "Internet Chess Club"]
[Date "2016.09.08"]
[Round "1"]
[White "pokerram"]
[Black "moodle"]
[Result "0-1"]
[WhiteElo "1543"]
[BlackElo "1585"]
[Opening "Réti opening"]
[ECO "A09"]
[Time "19:01:06"]
[TimeControl "2700+45"]

1. Nf3 d5 2. c4 Bf5 3. cxd5 Qxd5 4. Nc3 Qd8 5. d4 Nf6 6. Qb3 Qc8 7. Ne5 e6 8. f3
Nfd7 9. Nxd7 Nxd7 10. e4 Bg6 11. Bg5 h6 12. Bh4 Nb6 13. Rd1 f6 14. a4 Bf7 15. d5
exd5 16. exd5 Bd6 17. Qb5+ Nd7 18. Qe2+ Be7 19. Qc2 a6 20. Bg3 O-O 21. Bd3 Nc5
22. Bh7+ Kh8 23. O-O Qd8 24. Bg6 Qd7 25. Bf5 Qd8 26. Rfe1 Bd6 27. Be6 Bxg3 28.
hxg3 Qd6 29. b4 Nd7 30. Bxf7 Rxf7 31. Ne4 Qxb4 32. d6 c6 33. Nc3 Rd8 34. Qg6 Ne5
35. Rxe5 Qxc3 36. Re4 Rff8 37. Re7 Rg8 38. Kh1 Qb4 39. Rf7 Rxd6 40. Rxg7 Rxd1+
41. Kh2 Rxg7 42. Qe8+ Kh7 43. Qh5 Qe1 44. Qf5+ Kh8 45. g4 Qh4# {White
checkmated} 0-1

[Event "Team 45 45 League T70"]
[Site "Internet Chess Club"]
[Date "2016.09.11"]
[Round "1"]
[White "bluesun"]
[Black "Megasus"]
[Result "1-0"]
[WhiteElo "1499"]
[BlackElo "1505"]
[Opening "Sicilian: Taimanov variation"]
[ECO "B46"]
[Time "20:07:24"]
[TimeControl "2700+45"]

1. e4 c5 2. Nf3 Nc6 3. d4 cxd4 4. Nxd4 a6 5. Nc3 e6 6. f3 h6 7. Be3 Nf6 8. Qd2
Qc7 9. O-O-O Be7 10. g4 g5 11. Be2 Nh7 12. h4 Qd8 13. Rdg1 Bf6 14. Nxc6 bxc6 15.
f4 gxf4 16. Bxf4 Bxh4 17. Bxh6 Rg8 18. Bf4 Nf8 19. g5 Ng6 20. Rxh4 Nxh4 21. e5
Qb6 22. Be3 Qa5 23. Bd4 c5 24. Bf2 Ng6 25. Qd6 Bb7 26. Rd1 Rd8 27. Bxc5 Bd5 28.
Bh5 Rc8 29. Ne4 Qc7 30. Nf6+ Kd8 31. Bb6 Qxb6 32. Qxd7# {Black checkmated} 1-0

[Event "Team 45 45 League T70"]
[Site "Internet Chess Club"]
[Date "2016.09.11"]
[Round "1"]
[White "rubo"]
[Black "zorori"]
[Result "1-0"]
[WhiteElo "1617"]
[BlackElo "1646"]
[Opening "King's Indian: London system"]
[ECO "A48"]
[Time "22:11:00"]
[TimeControl "2700+45"]

1. d4 Nf6 2. Nf3 g6 3. Bf4 Bg7 4. e3 d5 5. h3 Bf5 6. Be2 c5 7. c3 cxd4 8. exd4
Nc6 9. Nbd2 Qb6 10. Qb3 Qxb3 11. axb3 O-O 12. O-O a6 13. b4 Rfd8 14. Nb3 Ne4 15.
Ra3 Rac8 16. b5 axb5 17. Bxb5 Nd6 18. Be2 Nc4 19. Bxc4 dxc4 20. Na5 Nxa5 21.
Rxa5 Be4 22. Ne5 f6 23. Ng4 Bd3 24. Re1 Rd7 25. Re6 Bf5 26. Rb6 Be4 27. f3 Bc6
28. Rc5 Rd5 29. Rxc4 Ra8 30. Ne3 Rb5 31. Rb4 Rxb4 32. Rxb4 Ra2 33. d5 Be8 34.
Rxb7 Kf8 35. d6 exd6 36. Bxd6+ Kg8 37. Rb8 Kf7 38. Bc5 Ra1+ 39. Kf2 Ra2 40. Bd4
Bc6 41. Rb6 Ba8 42. Nc4 Bh6 43. Rxf6+ Ke7 44. Rb6 Bd5 45. Ne3 Ba8 46. Kg3 Bxe3
47. Bxe3 Ra1 48. c4 Re1 49. Bd4 Rc1 50. Bc3 Kd7 51. c5 Rc2 52. Ra6 Bb7 53. Ra7
Kc6 54. Ra5 Rc1 55. Bd4 Rd1 56. Bf2 Rb1 57. Ra2 Kd5 58. Be3 Kc6 59. Kf2 Kb5 60.
g3 Kc6 61. h4 h5 62. g4 hxg4 63. fxg4 Rh1 64. Kg3 Rb1 65. h5 gxh5 66. gxh5 Rh1
67. h6 Kc7 68. b4 Kc6 69. Rb2 Ba6 70. Rh2 Rxh2 71. Kxh2 Bd3 72. Kg3 Bh7 73. Kf4
Kc7 74. b5 Kb7 75. Ke5 Kc7 76. Kf6 Kb7 77. Kg7 Bd3 78. b6 Kc6 79. h7 Bxh7 80.
Kxh7 Kb7 81. Kg6 Kc6 82. Kf6 Kb7 83. Ke6 Kc6 84. Bf2 Kb7 85. Kd7 Kb8 86. c6 Ka8
87. c7 Kb7 88. c8=Q# {Black checkmated} 1-0

[Event "Team 45 45 League T70"]
[Site "Internet Chess Club"]
[Date "2016.09.12"]
[Round "1"]
[White "Tjet"]
[Black "nosir"]
[Result "1/2-1/2"]
[WhiteElo "1454"]
[BlackElo "1521"]
[Opening "English: symmetrical, four knights system"]
[ECO "A30"]
[Time "20:07:15"]
[TimeControl "2700+45"]

1. c4 c5 2. Nf3 Nc6 3. Nc3 Nf6 4. g3 b6 5. Bg2 Bb7 6. O-O d6 7. d4 cxd4 8. Nxd4
Qd7 9. Nxc6 Bxc6 10. Bxc6 Qxc6 11. Qa4 Qxa4 12. Nxa4 g6 13. b3 Bg7 14. Bb2 O-O
15. Rab1 Rac8 16. Nc3 Rfd8 17. Rfd1 Kf8 18. Nd5 Nxd5 19. Bxg7+ Kxg7 20. Rxd5 Rc5
21. Rbd1 Rxd5 22. Rxd5 Rc8 23. f4 Rc5 24. e4 Rxd5 25. exd5 Kf6 26. Kf2 e6 27.
Kf3 h6 28. Ke4 Ke7 29. b4 f6 30. a4 a5 31. b5 e5 32. g4 Kd7 {Game drawn by
mutual agreement} 1/2-1/2